 Dungeon Crawl Stone Soup version 0.23.0-3-gf3c87f2 (webtiles) character file.

Game seed: 6000033429715221309

334 sighowe the Covered (level 6, -2/58 HPs)
             Began as a Deep Dwarf Fighter on Feb 20, 2019.
             Was a Believer of Ru.
             Slain by Sigmund
             ... wielding a +3 scythe of flaming
              (9 damage)
             ... on level 5 of the Dungeon.
             The game lasted 00:11:33 (3530 turns).

sighowe the Covered (Deep Dwarf Fighter)            Turns: 3530, Time: 00:11:33

Health: -2/58      AC:  6    Str: 21 (22) XL:     6   Next: 27%
Magic:  4/4        EV: 11    Int:  8      God:    Ru [**....]
Gold:   178        SH:  9    Dex: 10 (12) Spells: 5/5 levels left

rFire    . . .     SeeInvis .   l - +3 whip (venom)
rCold    . . .     Gourm    .   c - +0 shield
rNeg     + . .     Faith    .   o - +2 leather armour {rN+}
rPois    .         Spirit   .   (no helmet)
rElec    .         Reflect  .   w - +0 cloak
rCorr    .         Harm     .   (no gloves)
MR       .....                  (no boots)
Stlth    +.........             (no amulet)
HPRegen  0.00/turn              (no ring)
MPRegen  0.09/turn              (no ring)

@: non-regenerating
A: damage resistance, heal wounds, sense surroundings 1, inexperienced 1, no
regeneration
a: Heal Wounds, Renounce Religion


You were on level 5 of the Dungeon.
You worshipped Ru.
Ru was pleased with you.
You were not hungry.

You visited 1 branch of the dungeon, and saw 5 of its levels.
You also visited: Sewer.

You collected 178 gold pieces.

Inventory:

Hand Weapons
 a - a +0 war axe
 l - a +3 whip of venom (weapon)
Armour
 b - a +0 scale mail
 c - a +0 shield (worn)
 o - a +2 leather armour of positive energy (worn)
 w - a +0 cloak (worn)
Wands
 h - a wand of paralysis (5)
 v - a wand of acid (10)
 x - a wand of enslavement (8)
Scrolls
 e - 6 scrolls of identify
 i - 3 scrolls of remove curse
 j - 2 scrolls of blinking
 k - a scroll of teleportation
 n - 2 scrolls of fear
 r - a scroll of magic mapping
Potions
 d - 2 potions of might
 m - a potion of resistance
 q - a potion of magic
 u - a potion of ambrosia
Comestibles
 f - 7 rations


   Skills:
 * Level 4.5 Fighting
 + Level 3.8(4.0) Axes
 + Level 1.3(2.5) Maces & Flails
 + Level 2.0 Throwing
 + Level 4.6 Armour
 * Level 3.9 Dodging
 + Level 4.6 Shields


You had 5 spell levels left.
You didn't know any spells.
Your spell library contained the following spells:

 Spells                   Type           Power        Failure   Level  Hunger
 Magic Dart               Conj           #...         88%         1    ##.....
 Searing Ray              Conj           #.....       96%         2    ###....
 Dazzling Spray           Conj/Hex       #.....       99%         3    ####...
 Force Lance              Conj/Tloc      #.......     100%        4    #####..
 Fulminant Prism          Conj/Hex       #.........   100%        4    #####..
 Iskenderun's Mystic Bla  Conj           #.......     100%        4    #####..


Dungeon Overview and Level Annotations

Branches:
Dungeon (5/15)
 Temple: D:4-7

Altars:
Dithmenos
Elyvilon
Fedhas
Nemelex Xobeh
Ru
Sif Muna
Uskayaw
The Shining One

Shops:
D:4 ?

Annotations:
D:5 Sigmund


Innate Abilities, Weirdness & Mutations

You are resistant to damage.
You can heal yourself by infusing magical energy.
You passively map a small area around you.
You are somewhat inexperienced. (-2 XL)
You do not regenerate.


Message History

You hit something. You whack something!
You hear some strange, mumbled words.
You are confused.
You bump into the rock wall.
Something hits you! Something burns you.
You closely miss something.
You bump into the rock wall.
Something hits you! Something burns you. Something hits you.
* * * LOW HITPOINT WARNING * * *
Something burns you.
Okay, then.
Okay, then.
You are too injured to fight recklessly!
You bump into the rock wall.
Something hits you!
* * * LOW HITPOINT WARNING * * *
Something burns you.
* * * LOW HITPOINT WARNING * * *
You feel less confused. Something hits you!
You die...

#. ,...........<.
*#.##+######'#####
, #................
,
,#................
, #......>........)
,
*###....##########
#+#####....##...###
#.................+
, ,
#...@.............#
#...{.............#
#######.#######+###
* #.# , , ..# ,
...# , ,...)# ,, *
.....# , , *
####### ,


There were no monsters in sight!

Vanquished Creatures
  Grinder (D:4)
  2 bullfrogs (Sewer)
  2 scorpions (D:4)
  An orc wizard (D:4)
  Ijyb (D:3)
  An iguana (D:4)
  A worker ant (D:4)
  Robin (D:3)
  6 adders
  3 oozes (Sewer)
  A worm (D:4)
  2 dart slugs
  12 leopard geckos (Sewer)
  14 orcs (D:4)
  7 bats
  11 giant cockroaches
  13 goblins
  15 hobgoblins
  4 kobolds
  11 ball pythons
  7 frilled lizards
  4 rats
120 creatures vanquished.

Notes
Turn   | Place    | Note
-------+----------+-------------------------------------------
     0 | D:1      | sighowe the Deep Dwarf Fighter began the quest for the Orb.
     0 | D:1      | Reached XP level 1. HP: 20/20 MP: 1/1
   252 | D:1      | Reached XP level 2. HP: 27/27 MP: 2/2
   780 | D:2      | Reached XP level 3. HP: 27/34 MP: 3/3
   881 | D:2      | Reached skill level 1 in Dodging
  1373 | D:2      | Found a blossoming altar of Fedhas.
  1375 | D:2      | Found a hide-covered altar of Uskayaw.
  1439 | D:3      | Found a sparkling altar of Nemelex Xobeh.
  1484 | D:3      | Found a glowing drain.
  1504 | D:3      | Reached XP level 4. HP: 22/42 MP: 4/4
  1532 | Sewer    | Entered a sewer
  1744 | Sewer    | Reached XP level 5. HP: 37/49 MP: 5/5
  1786 | Sewer    | Reached skill level 1 in Throwing
  1802 | Sewer    | Reached XP level 6. HP: 31/57 MP: 5/5
  1872 | D:3      | Found a sacrificial altar of Ru.
  1880 | D:3      | Became a worshipper of Ru the Awakened
  2000 | D:3      | Noticed Robin
  2013 | D:3      | Killed Robin
  2192 | D:3      | Noticed Ijyb
  2204 | D:3      | Killed Ijyb
  2251 | D:3      | Found a shadowy altar of Dithmenos.
  2434 | D:3      | Found a glowing golden altar of the Shining One.
  2839 | D:4      | Found Immulau's Magic Scroll Boutique.
  3055 | D:4      | Found a white marble altar of Elyvilon.
  3145 | D:4      | Reached XP level 7. HP: 50/64 MP: 5/5
  3149 | D:4      | Gained mutation: You are somewhat inexperienced. (-2 XL)
                  | [Ru sacrifice]
  3149 | D:4      | Reached XP level 6. HP: 57/57 MP: 4/4
  3149 | D:4      | Reached XP level 5. HP: 50/50 MP: 3/3
  3149 | D:4      | Reached * piety under Ru
  3149 | D:4      | Reached ** piety under Ru
  3304 | D:4      | Found a deep blue altar of Sif Muna.
  3375 | D:4      | Noticed Grinder
  3386 | D:4      | Paralysed by Grinder for 2 turns
  3408 | D:4      | Killed Grinder
  3408 | D:4      | Reached skill level 1 in Maces & Flails
  3408 | D:4      | Reached XP level 6. HP: 55/58 MP: 4/4
  3473 | D:4      | Found a sacrificial altar of Ru.
  3496 | D:5      | Entered Level 5 of the Dungeon
  3511 | D:5      | Noticed Sigmund
  3530 | D:5      | Slain by Sigmund

Skill      XL: |  1  2  3  4  5  6 |
---------------+-------------------+-----
Fighting       | 3 4 |  4.5
Dodging        | 1 2 3 |  3.9
Axes           | 3 |  3.8
Throwing       | 2 |  2.0
Armour         | 4 |  4.6
Shields        | 4 |  4.6
Maces & Flails | 1 |  1.3

Action                   |  1- 3 |  4- 6 |  7- 9 || total
-------------------------+-------+-------+-------++-------
Melee: War axe           |   138 |   211 |       ||   349
       Whip              |       |    88 |       ||    88
Invok: Sacrifice Experie |       |     1 |       ||     1
 Abil: Heal Wounds       |       |     3 |     1 ||     4
  Use: Scroll            |       |    12 |       ||    12
       Potion            |       |     8 |       ||     8
  Eat: Chunk             |     1 |     7 |       ||     8
       Ration            |       |     1 |       ||     1
Armor: Scale mail        |    74 |   140 |       ||   214
       Leather armour    |       |    15 |       ||    15
Dodge: Dodged            |    50 |   142 |       ||   192
Block: Shield            |    95 |   194 |       ||   289
